 Dungeon Crawl Stone Soup version 0.29.1-12-g30fa7ad0bf (webtiles) character file.

Game seed: 8828300883709952135

22 fleeber the Digger (level 2, 0/15 HPs)
             Began as a Gargoyle Earth Elementalist on Dec 20, 2022.
             Slain by a hobgoblin (3 damage)
             ... on level 2 of the Dungeon.
             The game lasted 00:02:25 (1088 turns).

fleeber the Digger (Gargoyle Earth Elementalist)    Turns: 1088, Time: 00:02:26

Health: 0/15       AC:  4    Str: 11    XL:     2   Next: 91%
Magic:  5/5        EV: 11    Int: 15    God:
Gold:   6          SH:  3    Dex: 10    Spells: 4/5 levels left

rFire   . . .      SeeInvis .   f - +0 club
rCold   . . .      Faith    .   e - +0 buckler
rNeg    + . .      Spirit   .   a - +0 robe
rPois   ∞          Reflect  .   (no helmet)
rElec   +          Harm     .   (no cloak)
rCorr   .          Rampage  .   (no gloves)
Will    .....                   (no boots)
Stlth   ++........              (no amulet)
HPRegen 0.05/turn               (no ring)
MPRegen 0.09/turn               (no ring)

@: no status effects
A: sickness immunity, AC +2, negative energy resistance 1, electricity
resistance, torment resistance 1, petrification resistance
a: no special abilities


You were on level 2 of the Dungeon.
You visited 1 branch of the dungeon, and saw 2 of its levels.

You collected 6 gold pieces.

Inventory:

Hand Weapons
 f - a +0 club (weapon)
Missiles
 d - 12 stones (quivered)
Armour
 a - a +0 robe (worn)
 e - a +0 buckler (worn)
Scrolls
 c - a scroll of magic mapping {unknown}
 h - a scroll of identify {unknown}
 i - a scroll of butterflies {unknown}
Potions
 b - a potion of magic
 j - a potion of cancellation {unknown}


   Skills:
 - Level 1.5 Dodging
 - Level 2.1 Stealth
 + Level 0.3 Shields
 + Level 2.3 Spellcasting
 + Level 1.2 Conjurations
 - Level 0.7 Transmutations
 + Level 4.1 Earth Magic


You had 4 spell levels left.
You knew the following spells:

 Your Spells              Type           Power      Damage    Failure   Level
a - Sandblast             Erth           28%        2d8       5%          1

Your spell library contained the following spells:

 Spells                   Type           Power      Damage    Failure   Level
 Passwall                 Tmut/Erth      7%         N/A       16%         2
 Stone Arrow              Conj/Erth      18%        3d8       28%         3
 Petrify                  Tmut/Erth      9%         N/A       71%         4


Dungeon Overview and Level Annotations

Branches:
Dungeon (1/15)

Altars:


Innate Abilities, Weirdness & Mutations

You are immune to sickness and miasma.
Your stone body is resilient. (AC +2)
You are immune to poison.
You resist negative energy. (rN+)
You are resistant to electric shocks. (rElec)
You are resistant to unholy torment.
You are immune to petrification.


Message History

The jackal closely misses you. The jackal attacks as you move away!
The jackal closely misses you. The jackal closely misses you.
The jackal barely misses you.
A goblin comes into view. It is wielding a +0 club.
The ball python bites you but does no damage.
The ball python misses you. The jackal barely misses you.
The ball python attacks as you move away!
The ball python bites you but does no damage.
The ball python attacks as you move away!
The ball python misses you.
The jackal bites you but does no damage.
The jackal attacks as you move away! The jackal completely misses you.
As you read the scroll labelled WAEMER HUAR, it crumbles to dust.
You assume a fearsome visage.
The ball python looks frightened!
The jackal looks frightened!
The goblin looks frightened!
The goblin shouts!
The endoplasm looks frightened!
The quokka looks frightened!
The goblin looks frightened!
It was a scroll of fear.
Cornered, the ball python turns to fight!
The goblin gives up.
Found a bubbling silvery potion.
A dart slug comes into view.
Found 6 gold pieces.
The ball python bites you.
* * * LOW HITPOINT WARNING * * *
The ball python closely misses you.
A hobgoblin comes into view.
The dart slug launches a dart at you. You block the slug dart.
The goblin gives up.
The ball python barely misses you. The ball python misses you.
The ball python attacks as you move away!
The ball python barely misses you.
You see here a bubbling silvery potion.
The ball python attacks as you move away!
The ball python barely misses you. The ball python closely misses you.
The goblin seems to regain its courage.
The hobgoblin barely misses you. The hobgoblin attacks as you move away!
The hobgoblin hits you.
You die...

#.......# #.......# .
#.......# ..##.......#
....g....# ###....$..# ....
#....w....# .... #....g@...#
..... #....S....#
.....###...!.....#
..........g#######
......##...##
...............#########
.......................######
.........................J..#
................#####....##.#


You could see a dart slug, a hobgoblin, 2 goblins and a ball python.

Vanquished Creatures
  A gnoll (D:1)
  3 ball pythons (D:1)
  A giant cockroach (D:1)
  A hobgoblin (D:2)
  2 quokkas
  A bat (D:2)
  A frilled lizard (D:2)
  A kobold (D:1)
  2 rats (D:1)
13 creatures vanquished.

Notes
Turn   | Place    | Note
-------+----------+-------------------------------------------
     0 | D:1      | fleeber the Gargoyle Earth Elementalist began the quest for
                  | the Orb.
     0 | D:1      | Reached XP level 1. HP: 10/10 MP: 3/3
   444 | D:1      | Reached skill level 1 in Conjurations
   444 | D:1      | Reached skill level 4 in Earth Magic
   444 | D:1      | Reached XP level 2. HP: 15/15 MP: 0/5
   919 | D:1      | You fall into a shaft and drop 1 floor!
  1088 | D:2      | Slain by a hobgoblin

Illustrated notes

Levels and vault maps discovered:
D:1:      arrival_zaba_pyramid, layout_basic, serial_glass, glass_columns_a,
          glass_columns_b, glass_columns_a
D:2:      cheibrodos_greedy_goblins, layout_rooms, minmay_divided_ellipse

Skill      XL: |  1 |
---------------+----+-----
Conjurations   | 1 |  1.2
Earth Magic    | 4 |  4.1
Dodging        | |  1.5
Stealth        | |  2.1
Shields        | |  0.3
Spellcasting   | |  2.3
Transmutations | |  0.7

Action                   || total
-------------------------++-------
Melee: Unarmed           ||     3
 Cast: Sandblast         ||    25
  Use: Scroll            ||     1
Armor: Robe              ||    11
Dodge: Dodged            ||    44
Block: Buckler           ||     5
